 Dungeon Sprint DCSS version 0.29.1-2-gbd0b4ee654 (webtiles) character file.

Game seed: 13123853136202764987

1243 Zeld the Cleaver (level 8, -1/120 HPs)
             Began as a Minotaur Berserker on Oct 24, 2022.
             Was a High Priest of Trog.
             Slain by Snorg (11 damage)
             ... in the Dungeon (Sprint III: "The Ten Rune Challenge").
             The game lasted 00:01:53 (1437 turns).

Zeld the Cleaver (Minotaur Berserker)               Turns: 1437, Time: 00:01:54

Health: -1/120     AC:  2    Str: 25    XL:     8   Next: 25%
Magic:  7/7        EV: 14    Int:  4    God:    Trog [*****.]
Gold:   48         SH:  0    Dex:  9    Spells: 7/7 levels left

rFire   . . .      SeeInvis .   a - +0 battleaxe
rCold   . . .      Faith    .   (shield currently unavailable)
rNeg    . . .      Spirit   .   b - +0 animal skin
rPois   .          Reflect  .   (helmet restricted)
rElec   .          Harm     .   (no cloak)
rCorr   .          Rampage  .   (no gloves)
Will    .....      NoTele   +   (no boots)
Stlth   ..........              (no amulet)
HPRegen 0.30/turn               (no ring)
MPRegen 0.10/turn               (no ring)

@: berserking (expiring), very quick
A: horns 2, retaliatory headbutt
a: Renounce Religion, Berserk, Trog's Hand, Brothers in Arms


You were in the Dungeon.
You worshipped Trog.
Trog was extremely pleased with you.
You visited 1 branch You collected 48 gold pieces.

Inventory:

Hand Weapons
 a - a +0 battleaxe (weapon)
Armour
 b - a +0 animal skin (worn)
Scrolls
 h - a scroll of blinking
 i - 2 scrolls of immolation {unknown}
 j - 4 scrolls of identify
Potions
 c - a potion of curing
 d - 2 potions of heal wounds
 e - a potion of haste
 f - 2 potions of magic
 g - a potion of berserk rage
 k - 3 potions of flight
 l - 7 potions of mutation
 m - a potion of might
Miscellaneous
 n - a box of beasts


   Skills:
 + Level 10.5 Fighting
 * Level 14.1 Axes
 + Level 10.1 Armour
 + Level 9.3 Dodging


You had 7 spell levels left.
You didn't know any spells.
Your spell library was empty.

Dungeon Overview and Level Annotations

Branches:
Dungeon (1/1)

Altars:
Cheibriados
Dithmenos
Elyvilon
Fedhas
Gozag
Hepliaklqana
Kikubaaqudgha
Makhleb
Nemelex Xobeh
Okawaru
Qazlal
Ru
Sif Muna
Trog
Uskayaw
Vehumet
Wu Jian
Xom
Yredelemnul
Zin
The Shining One
Jiyva
Lugonu

Annotations:
D Snorg


Innate Abilities, Weirdness & Mutations

You have a pair of horns on your head.
You reflexively headbutt those who attack you in melee.


Message History

Snorg the Insatiable comes into view.
Snorg shouts!
A red film seems to cover your vision as you go berserk!
You feel yourself moving faster!
You feel mighty!
You barely miss Snorg.
Snorg goes berserk!
You barely miss Snorg. Your headbutt misses Snorg. Snorg closely misses you.
Snorg claws you!! Snorg claws you!
You closely miss Snorg. You headbutt Snorg!
Snorg is lightly wounded.
Snorg barely misses you. Snorg completely misses you. Snorg closely misses you.
You closely miss Snorg.
Snorg is lightly wounded.
Snorg bites you!! Snorg claws you!! Snorg closely misses you.
You slice Snorg!!
Snorg is moderately wounded.
Snorg barely misses you. x2; Snorg closely misses you.
You closely miss Snorg.
Snorg is moderately wounded.
Snorg closely misses you. You furiously retaliate!
You headbutt Snorg! Snorg claws you. x2
You are too injured to fight recklessly!
Unknown command.
You slice Snorg!!
Snorg is heavily wounded.
Snorg bites you!!
* * * LOW HITPOINT WARNING * * *
Snorg barely misses you. Snorg claws you!
* * * LOW HITPOINT WARNING * * *
Unknown command.
You slash Snorg!
Snorg is severely wounded.
Snorg misses you. You furiously retaliate!
You headbutt Snorg! Snorg completely misses you. Snorg closely misses you.
Unknown command.
You slash Snorg!
Snorg is severely wounded.
Snorg bites you.
* * * LOW HITPOINT WARNING * * *
Snorg claws you!
You die...

##.############
#..#___#___#__#
#..#.).#__.#._#
#..###'#'###)##
#..#..........#
...'.⌠........#
...#...######'#
...#.⌠.#__#...#+#####
...#...#__#...#.@§§~+
...#'###__#...#.#T§~#
...#)).#__#...'.#§§§#
...#___#__'...#.#.§§#
▓▓▓▓▓▓▓▓▓▓▓▓▓▓▓▓▓▓▓▓▓


You could see Snorg (berserk).

Vanquished Creatures
  A deep elf pyromancer (D)
  A shadow (D)
  A spatial vortex (D)
  A necrophage (D)
  A water elemental (D)
  A jelly (D)
  A wizard (D)
  Jessica (D)
  A necromancer (D)
  3 humans (D)
  A kobold demonologist (D)
  A wolf (D)
  3 rats (D)
17 creatures vanquished.

Notes
Turn   | Place    | Note
-------+----------+-------------------------------------------
     0 | D        | Zeld the Minotaur Berserker began the quest for the Orb.
     0 | D        | Reached XP level 1. HP: 19/19 MP: 0/0
    19 | D        | Reached skill level 4 in Axes
    30 | D        | Noticed Jessica
    36 | D        | Killed Jessica
    36 | D        | Reached ** piety under Trog
    37 | D        | Reached skill level 5 in Axes
    37 | D        | Reached XP level 2. HP: 6/28 MP: 1/1
   303 | D        | Reached skill level 5 in Fighting
   303 | D        | Reached skill level 6 in Axes
   303 | D        | Reached XP level 3. HP: 20/36 MP: 2/2
   638 | D        | Noticed a water elemental
   641 | D        | Killed a water elemental
   641 | D        | Reached *** piety under Trog
   642 | D        | Reached skill level 8 in Axes
   642 | D        | Reached skill level 5 in Armour
   642 | D        | Reached skill level 5 in Dodging
   642 | D        | Reached XP level 4. HP: 44/44 MP: 3/3
   828 | D        | Found a radiant altar of Vehumet.
   828 | D        | Found a shimmering blue altar of Sif Muna.
   828 | D        | Found an ancient bone altar of Kikubaaqudgha.
   828 | D        | Noticed a wizard
   832 | D        | Killed a wizard
   833 | D        | Reached XP level 5. HP: 51/51 MP: 4/4
   985 | D        | Found a glowing silver altar of Zin.
   985 | D        | Found a glowing golden altar of the Shining One.
   985 | D        | Found a white marble altar of Elyvilon.
   986 | D        | Noticed a deep elf pyromancer
   990 | D        | Killed a deep elf pyromancer
   990 | D        | Reached **** piety under Trog
   991 | D        | Reached skill level 12 in Axes
   991 | D        | Reached XP level 6. HP: 63/63 MP: 5/5
   991 | D        | Reached XP level 7. HP: 70/70 MP: 6/6
  1061 | D        | Found a basalt altar of Yredelemnul.
  1061 | D        | Found a shadowy altar of Dithmenos.
  1061 | D        | Found a sacrificial altar of Ru.
  1115 | D        | Found a hide-covered altar of Uskayaw.
  1115 | D        | Found an iron altar of Okawaru.
  1115 | D        | Found a bloodstained altar of Trog.
  1115 | D        | Found an ornate altar of the Wu Jian Council.
  1115 | D        | Noticed a human
  1116 | D        | Noticed a human
  1121 | D        | Killed a human
  1121 | D        | Reached ***** piety under Trog
  1122 | D        | Reached skill level 13 in Axes
  1125 | D        | Killed a human
  1126 | D        | Reached skill level 10 in Fighting
  1223 | D        | Noticed a shadow
  1228 | D        | Killed a shadow
  1229 | D        | Reached skill level 10 in Armour
  1229 | D        | Reached XP level 8. HP: 48/79 MP: 7/7
  1283 | D        | Found a blossoming altar of Fedhas.
  1283 | D        | Found a stormy altar of Qazlal.
  1283 | D        | Found a snail-covered altar of Cheibriados.
  1283 | D        | Found a burning altar of Makhleb.
  1283 | D        | Found a shimmering altar of Xom.
  1284 | D        | Found a hazy altar of Hepliaklqana.
  1284 | D        | Found an opulent altar of Gozag.
  1284 | D        | Found a sparkling altar of Nemelex Xobeh.
  1284 | D        | Found a corrupted altar of Lugonu.
  1284 | D        | Found a viscous altar of Jiyva.
  1292 | D        | Reached skill level 14 in Axes
  1427 | D        | Noticed Snorg
  1437 | D        | Slain by Snorg

Illustrated notes

Levels and vault maps discovered:
D:        dungeon_sprint_mu [sprint_mu_entry_cave, sprint_mu_temple_rooms,
          sprint_mu_d1_horrors, sprint_mu_d2_genie, sprint_mu_d3_branching,
          sprint_mu_orc_legion, sprint_mu_elf_gauntlet, sprint_mu_hive_nellie,
          sprint_mu_lair_fedhas, sprint_mu_vaults_butterflies,
          sprint_mu_slime_circle, sprint_mu_shoals_kraken,
          sprint_mu_snake_twists, sprint_mu_blade_basic,
          sprint_mu_crypt_chambers, sprint_mu_tomb_spiral,
          sprint_mu_vestibule_basic, sprint_mu_gehenna_hellfire,
          sprint_mu_dis_giant, sprint_mu_tartarus_statrot,
          sprint_mu_cocytus_islands, sprint_mu_zot1]

Skill      XL: |  1  2  3  4  5  6  7  8 |
---------------+-------------------------+-----
Axes           | 5 6 8 12 13 14 | 14.1
Fighting       | 4 5 6 9 10 | 10.5
Armour         | 3 4 5 8 10 | 10.1
Dodging        | 3 5 7 9 |  9.3

Action                   |  1- 3 |  4- 6 |  7- 9 || total
-------------------------+-------+-------+-------++-------
Melee: Hand axe          |    18 |     6 |    19 ||    43
       Headbutt          |     3 |     1 |     4 ||     8
       Battleaxe         |       |       |    16 ||    16
Invok: Berserk           |     3 |     2 |     3 ||     8
Armor: Animal skin       |       |     1 |     4 ||     5
Dodge: Dodged            |    11 |     3 |    20 ||    34
